Unix NetHack Version 3.7.0-53 Work-in-progress - last build Apr 18 2022 03:42:42 (02b85442fffe0e2954e411e09df771b56fe27bbc,branch:master). Game began 2022-04-17 21:17:46, ended 2022-04-18 12:23:04. Dewzmint, lawful male human Priest --------------------------------- |...............................| --------- |...-----------.---------------.| |.......|## |...|.(/(| |.-.(!(| |=%!.|.| |.......| # #....-./(?| |.|.(((| |*%).-.| |.......)## ##|...|((..| +.|.(%(| |+![.|.| |.......|## # |...|----------.------+--------.| ---------## ### |...|.%%|....|....{.............| #####0 # |...|.%%|._..|.......----..----.| # #### |...|%.%|....|.......| |..|..|.| # #### |...|...|... |{......| |..|..|.| ## # |../--%--|----.......--+-..-|--.| # # |...)[..%.......................| #-----# |...-----|-|-----....----|-----.| #|.<.-# |...-..|..|..|..-....|..|..|..|.| #....| |...|..|..|..|..|....-..|..|..-.| |...| ---------------------------------o |....################################[[[#####@ ----- Dewzmint the Adept St:12 Dx:13 Co:13 In:13 Wi:18 Ch:11 Lawful S:4507 Dlvl:7 $:36 HP:0(52) Pw:88(88) AC:6 Xp:7/1035 T:5089 Latest messages: You hear the chime of a cash register. The wolf starts to attack you, but pulls back. The wolf starts to attack you, but pulls back. You finish your prayer. You feel that Lugh is well-pleased. You feel much better. You kill the wolf! You try to move the boulder, but in vain. You hear someone cursing shoplifters. You hear someone praising Brigit. You hear someone cursing shoplifters. You are beginning to feel hungry. What do you want to eat? This food really hits the spot! You finish eating the food ration. You hear someone cursing shoplifters. You can't go up here. You find a hidden passage. It is hit. It is destroyed! You hit the hill orc! The hill orc hits! You kill the hill orc! You see here an iron skull cap. You hit the hill orc! The hill orc hits! You kill the hill orc! You see here a blessed iron skull cap. The hill orc hits! You hit the hill orc! The hill orc hits! You hit the hill orc! The hill orc hits! You kill the hill orc! The gnome hits! You hit the gnome! The gnome hits! You kill the gnome! The hill orc swings his curved sword. The hill orc hits! You hit the hill orc! The hill orc swings his curved sword. The hill orc hits! You hit the hill orc! The hill orc swings his curved sword. The hill orc hits! You die... Do you want your possessions identified? [ynq] (y) y Do you want to see your attributes? [ynq] (y) y Do you want an account of creatures vanquished? [ynaq] (y) q Major events: Turn 1: Dewzmint the lawful human Priest entered the dungeon 1392: attained the rank of Acolyte (level 3) 2795: consulted the Oracle 3262: entered the Gnomish Mines 3266: attained the rank of Adept (level 6) 4134: reached Mine Town 4154: destroyed peterg's ghost, the former Digger 4174: destroyed peterg's ghost, the former Field Worker 5089: killed by a hill orc Inventory: Coins $ - 36 gold pieces Amulets H - an amulet versus poison (being worn) Weapons a - a blessed +1 mace (weapon in hand) Armor x - a +0 elven leather helm (being worn) S - a +0 pair of leather gloves c - a +0 small shield (being worn) b - a +0 robe (being worn) Comestibles e - a clove of garlic B - 3 food rations I - 3 food rations f - a sprig of wolfsbane n - 2 tripe rations C - a partly eaten egg Scrolls K - a scroll of create monster P - a scroll of fire o - a scroll of remove curse T - a scroll of scare monster V - a scroll of teleportation Spellbooks g - a spellbook of detect monsters h - a spellbook of levitation Potions m - a potion of gain ability E - a potion of gain energy l - a potion of monster detection d - 4 potions of holy water Wands L - a wand of magic missile (0:1) p - a wand of make invisible (0:6) Y - a wand of polymorph (0:3) Q - a wand of probing (0:7) N - a wand of secret door detection (0:10) U - a wand of striking (0:0) Tools J - a blindfold W - a brass lantern Z - a lock pick Dewzmint the Priest's attributes: Background: You were an Adept, a level 7 human Priest. You were lawful, on a mission for Lugh who was opposed by Brigit (neutral) and Manannan Mac Lir (chaotic). You were in the Gnomish Mines, on level 7. You entered the dungeon 5089 turns ago. There was a full moon in effect when your adventure ended. You had 1035 experience points, 245 more were needed to attain level 8. Your score was 4507 before end-of-game adjustments. Basics: You had 0 out of 52 hit points. You had all 88 energy points (spell power). Your armor class was 6. Your wallet contained 36 zorkmids. Autopickup was off. Final Characteristics: Your strength was 12 (limit:18/100). Your dexterity was 13 (limit:18). Your constitution was 13 (limit:18). Your intelligence was 13 (limit:18). Your wisdom was 18 (limit:18). Your charisma was 11 (limit:18). Final Status: You were not hungry. You were unencumbered. You were wielding a mace. You had expert skill with mace. Final Attributes: You were piously aligned. You were poison resistant. You were guarded. You were lucky. You are dead. Miscellaneous: You encountered 1 bones level. Total elapsed playing time was 51 minutes and 30 seconds. Vanquished creatures: 2 ghosts a giant mimic 2 small mimics a wolf a dwarf mummy a dingo a housecat a rock piercer a rock mole a shrieker 3 gnome leaders 2 gnomish wizards 2 kobold mummies a black naga hatchling a straw golem 3 giant ants a little dog 2 dwarves a homunculus a kobold leader 10 hill orcs 3 rothes a giant bat an orc zombie a dwarf zombie a werejackal an iguana an acid blob 3 coyotes 2 large kobolds 2 hobgoblins 2 giant rats 7 cave spiders a yellow mold a green mold 20 gnomes 2 gnome zombies 3 geckos a jackal 2 goblins a sewer rat 6 grid bugs 4 bats 3 lichens 2 kobold zombies 6 newts 116 creatures vanquished. No species were genocided or became extinct. Voluntary challenges: You read items or engraved 7 times. You engraved Elbereth 2 times. You never genocided any monsters. You never polymorphed an object. You never changed form. You used no wishes. Achievements: You entered a shop. You attained the rank of Acolyte. You consulted the Oracle of Delphi. You entered the Gnomish Mines. You attained the rank of Adept. You entered Minetown. You entered a temple. The Dungeons of Doom: levels 1 to 6 Level 1: A fountain. Level 2: Level 3: A general store, a fountain. Level 4: A general store. Stairs down to The Gnomish Mines. Level 5: Many fountains. Oracle of Delphi. Level 6: The Gnomish Mines: levels 5 to 7 Level 5: Level 6: Level 7: <- You were here. Many shops, a temple, some fountains, some graves. Final resting place for you, killed by a hill orc, peterg-Arc-Gno-Fem-Neu, killed by a small mimic, peterg-Arc-Dwa-Mal-Law, killed by a giant mimic. Game over: ---------- / \ / REST \ / IN \ / PEACE \ / \ | Dewzmint | | 36 Au | | killed by a hill | | orc | | | | | | 2022 | *| * * * | * _________)/\\_//(\/(/\)/\//\/|_)_______ Goodbye Dewzmint the Priest... You died in The Gnomish Mines on dungeon level 7 with 4504 points, and 36 pieces of gold, after 5089 moves. You were level 7 with a maximum of 52 hit points when you died.